Avalanche vs Nordiques
(R2)
Created - 9 mai 2014 at 19:08
Goals
|
| Avalanche |
2 |
1 |
0 |
3 |
| Nordiques |
1 |
1 |
0 |
2 |
|
Shots
|
| Avalanche |
10 |
11 |
3 |
24 |
| Nordiques |
9 |
13 |
12 |
34 |
|
1st period
1. Avalanche , Jason Pominville 10 (Jack Johnson) at 9:40
2. Nordiques , Vincent Lecavalier 19 (Ryan Whitney, Simon Gagné) at 12:43 (PP)
3. Avalanche , Corey Perry 6 (Jack Johnson, Oleg Kvasha) at 17:30
Penalties :
Jordan Leopold (Que) for Tripping (Minor) at 5:53, Mike Comrie (Col) for Hooking (Minor) at 12:32
2nd period
4. Avalanche , Mike Comrie 3 (Jason Pominville, Ryan Smyth) at 1:24 (PP)
5. Nordiques , Simon Gagné 11 (Vincent Lecavalier) at 7:16
Penalties :
Maxim Afinogenov (Que) for Cross-checking (Minor) at 1:08, Ryan Malone (Que) for Roughing (Minor) at 11:47, Tyler Arnason (Que) for Hooking (Minor) at 17:14
3rd period
No Goal
Penalties :
Bryan McCabe (Que) for Fighting (Major) at 0:20, Mike Comrie (Col) for Fighting (Major) at 0:20, Jordan Leopold (Que) for Hooking (Minor) at 0:53, Ryan Bayda (Que) for Tripping (Minor) at 5:22, Matt Smaby (Que) for Roughing (Minor) at 7:42, Alexei Ponikarovsky (Que) for Hooking (Minor) at 11:53, Jason Pominville (Col) for Holding (Minor) at 12:30
Goalie Stats
Marty Turco (Col), 32 saves from 34 shots - (0,941), W, 8-1-2, 60:00 minutes
Jean-Sébastien Giguère (Que), 21 saves from 24 shots - (0,875), L, 10-3-1, 59:29 minutes
Players Stats for Avalanche
Player Name G A P +/- PIM S H SB GA TA FO MP PP MP PK MP
------------------------------------------------------------------------------------
Andrew Ladd 0 0 0 0 0 1 0 0 0 0 0/0 10:53 0:23 0:25
Brian Campbell 0 0 0 0 0 0 1 2 0 0 0/0 22:04 4:42 0:25
Bryan Little 0 0 0 0 0 0 0 0 0 0 2/5 7:48 0:00 0:19
Chuck Kobasew 0 0 0 0 0 2 1 0 1 1 0/3 10:45 1:03 0:00
Corey Perry 1 0 1 1 0 2 1 1 0 0 0/0 18:00 5:31 0:00
Daniel Cleary 0 0 0 0 0 0 0 0 0 0 0/2 10:54 0:38 0:06
Dave Tanabe 0 0 0 -1 0 0 2 1 0 1 0/0 20:53 8:05 0:23
Drew Doughty 0 0 0 2 0 1 1 1 0 0 0/0 17:03 0:00 0:00
Erik Cole 0 0 0 0 0 0 2 0 0 1 0/1 13:22 5:31 0:12
Jack Johnson 0 2 2 2 0 1 1 1 0 0 0/0 23:11 4:42 0:25
Jason Pominville 1 1 2 0 2 6 2 0 0 1 1/1 22:39 6:52 0:11
Marc Staal 0 0 0 0 0 3 1 2 1 2 0/0 25:18 8:05 0:23
Maxim Talbot 0 0 0 0 0 2 2 1 0 0 4/5 9:22 0:00 0:00
Mike Comrie 1 0 1 0 7 3 0 0 0 1 17/37 19:57 5:58 0:00
Oleg Kvasha 0 1 1 1 0 0 3 0 0 0 3/8 18:00 5:31 0:00
Rostislav Olesz 0 0 0 1 0 1 0 1 0 0 0/0 12:26 0:00 0:00
Ryan Smyth 0 1 1 0 0 1 1 0 1 1 2/3 23:41 6:53 0:23
Shane O'Brien 0 0 0 -1 0 1 1 0 0 0 0/0 11:31 0:00 0:00
Players Stats for Nordiques
Player Name G A P +/- PIM S H SB GA TA FO MP PP MP PK MP
------------------------------------------------------------------------------------
Ales Kotalik 0 0 0 -1 0 4 2 0 0 0 0/0 13:54 0:32 0:00
Alexei Ponikarovsky 0 0 0 0 2 1 1 0 0 0 0/0 9:16 0:13 2:07
Bryan McCabe 0 0 0 0 5 2 1 4 0 0 0/0 21:03 0:48 1:18
Éric Belanger 0 0 0 0 0 2 1 0 0 0 4/8 14:33 0:00 4:23
Jordan Eberle 0 0 0 0 0 2 0 1 0 0 0/0 9:07 0:00 0:00
Jordan Leopold 0 0 0 0 4 1 1 1 1 2 0/0 20:58 0:00 5:13
Lubomir Visnovsky 0 0 0 0 0 3 2 1 0 1 0/0 19:58 0:00 5:35
Matt Smaby 0 0 0 -1 2 2 1 0 0 0 0/0 13:34 0:00 0:54
Mattias Weinhandl 0 0 0 0 0 2 3 0 1 0 0/1 6:00 0:00 0:00
Maxim Afinogenov 0 0 0 0 2 2 0 1 0 0 1/2 15:49 0:16 0:00
Nick Schultz 0 0 0 -1 0 0 0 2 0 0 0/0 17:46 0:00 5:15
Rickard Wallin 0 0 0 0 0 0 1 0 0 0 1/4 6:12 0:00 0:12
Ryan Bayda 0 0 0 0 2 0 2 0 0 0 0/0 11:40 0:13 2:06
Ryan Malone 0 0 0 -1 2 3 2 0 0 0 0/1 16:50 0:19 3:19
Ryan Whitney 0 1 1 0 0 3 2 2 2 0 0/0 28:04 0:48 7:19
Simon Gagné 1 1 2 0 0 4 1 1 1 0 1/1 23:35 0:16 6:44
Tyler Arnason 0 0 0 -1 2 1 0 0 0 0 6/10 13:52 0:19 0:00
Vincent Lecavalier 1 1 2 0 0 2 5 0 3 0 23/38 23:31 0:16 6:43
3 Stars
1 - Vincent Lecavalier (Que)
2 - Jack Johnson (Col)
3 - Simon Gagné (Que)
Power Play
Avalanche - 1 on 8 Attempt(s) - 12,50%
Nordiques - 1 on 2 Attempt(s) - 50,00%
Penalty Kill
Avalanche - 1 on 2 Attempt(s) - 50,00%
- Score 0 goal in Penalty Kill
Nordiques - 7 on 8 Attempt(s) - 87,50%
- Score 0 goal in Penalty Kill
Official
Referees : StPierre Justin and McCauley Wes
Linesman : Mark Pare and Lyle Seitz
Game Notes
Bryan McCabe and Mike Comrie fight to a draw at 0:20 of 3rd period
Finance
Level 1 -- Attendance: 6000 (100,00%) -- Ticket Income 510 000 $
Level 2 -- Attendance: 5000 (100,00%) -- Ticket Income 250 000 $
Level 3 -- Attendance: 2000 (100,00%) -- Ticket Income 80 000 $
Level 4 -- Attendance: 3969 (99,23%) -- Ticket Income 99 225 $
Luxury Box -- Attendance: 1000 (100,00%) -- Ticket Income 145 000 $
Game was played at the Colisé Pepsi
Total Attendance: 17969 (99,83%)
Total Ticket Income: 1 084 225 $
Other Income: 162 634 $
Total Income: 1 246 859 $
Avalanche
5 vs 5 Forward
Center Left Wing Right Wing Time % Phy DF OF
1 Mike Comrie Ryan Smyth Jason Pominville 40 1 2 2
2 Oleg Kvasha Rostislav Olesz Corey Perry 30 1 2 2
3 Maxim Talbot Andrew Ladd Daniel Cleary 15 1 2 2
4 Bryan Little Erik Cole Chuck Kobasew 15 1 2 2
5 vs 5 Defense
Defense Defense Time % Phy DF OF
1 Drew Doughty Jack Johnson 40 1 2 2
2 Brian Campbell Marc Staal 35 1 2 2
3 Shane O'Brien Dave Tanabe 25 1 2 2
4 Marc Staal Dave Tanabe 0 1 2 2
PowerPlay Forward
Center Left Wing Right Wing Time % Phy DF OF
1 Mike Comrie Ryan Smyth Jason Pominville 60 1 2 2
2 Oleg Kvasha Erik Cole Corey Perry 40 1 2 2
PowerPlay Defense
Defense Defense Time % Phy DF OF
1 Marc Staal Dave Tanabe 60 1 2 2
2 Brian Campbell Jack Johnson 40 1 2 2
Penalty Kill 4 Players Forward
Center Wing Time % Phy DF OF
1 Ryan Smyth Jason Pominville 60 1 2 2
2 Corey Perry Mike Comrie 40 1 2 2
Penalty Kill 4 Players Defense
Defense Defense Time % Phy DF OF
1 Marc Staal Dave Tanabe 60 1 2 2
2 Brian Campbell Jack Johnson 40 1 2 2
Penalty Kill - 3 Players Forward
Forward Time % Phy DF OF
1 Ryan Smyth 60 1 2 2
2 Jason Pominville 40 1 2 2
Penalty Kill - 3 Players Defense
Defense Defense Time % Phy DF OF
1 Marc Staal Dave Tanabe 60 1 2 2
2 Brian Campbell Jack Johnson 40 1 2 2
4 vs 4 Forward
Center Wing Time % Phy DF OF
1 Ryan Smyth Jason Pominville 60 1 2 2
2 Corey Perry Mike Comrie 40 1 2 2
4 vs 4 Defense
Defense Defense Time % Phy DF OF
1 Marc Staal Dave Tanabe 60 1 2 2
2 Brian Campbell Jack Johnson 40 1 2 2
Last Minutes Offensive
Center Left Wing Right Wing Defense Defense
Mike Comrie Ryan Smyth Jason Pominville Marc Staal Dave Tanabe
Last Minutes Defensive
Center Left Wing Right Wing Defense Defense
Mike Comrie Ryan Smyth Jason Pominville Marc Staal Dave Tanabe
Goaltenders
Starting : Marty Turco
Backup : Patrick Lalime
Extra Forwards
Normal : Chuck Kobasew, Daniel Cleary, Erik Cole - PP : Chuck Kobasew, Daniel Cleary - PK : Erik Cole
Extra Defensemen
Normal : Shane O'Brien, Drew Doughty, Brian Campbell - PP : Shane O'Brien - PK : Drew Doughty, Brian Campbell
Penalty Shots
Ryan Smyth, Jason Pominville, Corey Perry, Mike Comrie, Oleg Kvasha
Nordiques
5 vs 5 Forward
Center Left Wing Right Wing Time % Phy DF OF
1 Vincent Lecavalier Simon Gagné Maxim Afinogenov 40 0 2 3
2 Tyler Arnason Ryan Malone Ales Kotalik 30 0 2 3
3 Éric Belanger Ryan Bayda Jordan Eberle 20 1 2 2
4 Rickard Wallin Alexei Ponikarovsky Mattias Weinhandl 10 1 2 2
5 vs 5 Defense
Defense Defense Time % Phy DF OF
1 Ryan Whitney Bryan McCabe 40 0 2 3
2 Lubomir Visnovsky Jordan Leopold 30 0 2 3
3 Nick Schultz Matt Smaby 20 0 3 2
4 Ryan Whitney Bryan McCabe 10 1 2 2
PowerPlay Forward
Center Left Wing Right Wing Time % Phy DF OF
1 Vincent Lecavalier Simon Gagné Maxim Afinogenov 60 0 1 4
2 Tyler Arnason Ryan Malone Ales Kotalik 40 0 1 4
PowerPlay Defense
Defense Defense Time % Phy DF OF
1 Ryan Whitney Bryan McCabe 60 0 2 3
2 Lubomir Visnovsky Jordan Leopold 40 0 2 3
Penalty Kill 4 Players Forward
Center Wing Time % Phy DF OF
1 Vincent Lecavalier Simon Gagné 60 1 4 0
2 Éric Belanger Ryan Malone 40 1 4 0
Penalty Kill 4 Players Defense
Defense Defense Time % Phy DF OF
1 Jordan Leopold Ryan Whitney 60 1 4 0
2 Lubomir Visnovsky Nick Schultz 40 1 4 0
Penalty Kill - 3 Players Forward
Forward Time % Phy DF OF
1 Vincent Lecavalier 60 1 4 0
2 Simon Gagné 40 1 4 0
Penalty Kill - 3 Players Defense
Defense Defense Time % Phy DF OF
1 Jordan Leopold Ryan Whitney 60 1 4 0
2 Lubomir Visnovsky Nick Schultz 40 1 4 0
4 vs 4 Forward
Center Wing Time % Phy DF OF
1 Vincent Lecavalier Simon Gagné 60 0 2 3
2 Tyler Arnason Maxim Afinogenov 40 0 2 3
4 vs 4 Defense
Defense Defense Time % Phy DF OF
1 Ryan Whitney Bryan McCabe 60 1 2 2
2 Lubomir Visnovsky Jordan Leopold 40 1 2 2
Last Minutes Offensive
Center Left Wing Right Wing Defense Defense
Vincent Lecavalier Simon Gagné Maxim Afinogenov Ryan Whitney Bryan McCabe
Last Minutes Defensive
Center Left Wing Right Wing Defense Defense
Vincent Lecavalier Simon Gagné Maxim Afinogenov Bryan McCabe Ryan Whitney
Goaltenders
Starting : Jean-Sébastien Giguère
Backup : Mike Smith
Extra Forwards
Normal : Ales Kotalik, Vincent Lecavalier, Simon Gagné - PP : Ales Kotalik, Simon Gagné - PK : Ryan Bayda
Extra Defensemen
Normal : Jordan Leopold, Bryan McCabe, Ryan Whitney - PP : Jordan Leopold - PK : Bryan McCabe, Jordan Leopold
Penalty Shots
Vincent Lecavalier, Simon Gagné, Bryan McCabe, Jordan Eberle, Maxim Afinogenov
% Time on Ice - Avalanche
Lines # - Real PCT - Wanted PCT - Time Play
Normal Forward
1 - 33% - 40% - 14:42
2 - 28% - 30% - 12:29
3 - 21% - 15% - 9:22
4 - 17% - 15% - 7:20
Normal Defense
1 - 42% - 40% - 18:22
2 - 34% - 35% - 14:47
3 - 24% - 25% - 10:33
4 - 0% - 0% - 0:11
PP Forward
1 - 57% - 60% - 7:16
2 - 43% - 40% - 5:31
PP Defense
1 - 63% - 60% - 8:05
2 - 37% - 40% - 4:42
PK Forward
1 - 100% - 60% - 0:48
2 - 0% - 40% - 0:00
PK Defense
1 - 48% - 60% - 0:23
2 - 52% - 40% - 0:25
PK3 Forward
1 - 0% - 60%
2 - 0% - 40%
PK3 Defense
1 - 0% - 60%
2 - 0% - 40%
44 Forward
1 - 100% - 60% - 1:22
2 - 0% - 40% - 0:00
44 Defense
1 - 51% - 60% - 0:42
2 - 49% - 40% - 0:40
Last Minute Offensive - 0:00
Last Minute Defensive - 1:10
Total
Forward - 60:00
Defense - 60:00
|
% Time on Ice - Nordiques
Lines # - Real PCT - Wanted PCT - Time Play
Normal Forward
1 - 35% - 40% - 15:32
2 - 30% - 30% - 13:13
3 - 21% - 20% - 9:07
4 - 14% - 10% - 6:00
Normal Defense
1 - 40% - 40% - 17:33
2 - 29% - 30% - 12:44
3 - 26% - 20% - 11:26
4 - 5% - 10% - 2:09
PP Forward
1 - 60% - 60% - 0:29
2 - 40% - 40% - 0:19
PP Defense
1 - 100% - 60% - 0:48
2 - 0% - 40% - 0:00
PK Forward
1 - 70% - 60% - 8:54
2 - 30% - 40% - 3:53
PK Defense
1 - 66% - 60% - 8:26
2 - 34% - 40% - 4:21
PK3 Forward
1 - 0% - 60%
2 - 0% - 40%
PK3 Defense
1 - 0% - 60%
2 - 0% - 40%
44 Forward
1 - 74% - 60% - 1:01
2 - 26% - 40% - 0:21
44 Defense
1 - 54% - 60% - 0:44
2 - 46% - 40% - 0:38
Last Minute Offensive - 1:11
Last Minute Defensive - 0:00
Total
Forward - 60:00
Defense - 60:00
|
Play by Play
1st period
0:01 of 1st period - Simon Gagné wins face-off versus Mike Comrie in neutral zone.
1:02 of 1st period - Snap shot by Jordan Eberle.
1:02 of 1st period - Stopped by Marty Turco without a rebound.
1:03 of 1st period - Rickard Wallin wins face-off versus Bryan Little in Avalanche zone.
1:15 of 1st period - Slapshot by Mattias Weinhandl.
1:15 of 1st period - Stopped by Marty Turco with a rebound.
1:31 of 1st period - Snap shot by Erik Cole.
1:31 of 1st period - Shot Misses the Net.
1:37 of 1st period - Snap shot by Jason Pominville.
1:37 of 1st period - Stopped by Jean-Sébastien Giguère with a rebound.
1:39 of 1st period - Snap shot by Shane O'Brien.
1:39 of 1st period - Shot Misses the Net.
1:41 of 1st period - Wrist shot by Jason Pominville.
1:41 of 1st period - Stopped by Jean-Sébastien Giguère without a rebound.
1:42 of 1st period - Éric Belanger wins face-off versus Mike Comrie in Nordiques zone.
1:46 of 1st period - Icing by Ryan Bayda.
1:47 of 1st period - Mike Comrie wins face-off versus Éric Belanger in Nordiques zone.
1:48 of 1st period - Snap shot by Jason Pominville.
1:48 of 1st period - Stopped by Jean-Sébastien Giguère with a rebound.
2:12 of 1st period - Wrist shot by Jordan Eberle.
2:12 of 1st period - Shot Misses the Net.
2:36 of 1st period - Wrist shot by Tyler Arnason.
2:36 of 1st period - Shot Misses the Net.
5:36 of 1st period - Tyler Arnason is hit by Ryan Smyth and loses puck.
5:47 of 1st period - Slapshot by Jason Pominville.
5:47 of 1st period - Stopped by Jean-Sébastien Giguère with a rebound.
5:53 of 1st period - Minor Penalty to Jordan Leopold for Tripping.
5:54 of 1st period - Vincent Lecavalier wins face-off versus Mike Comrie in Nordiques zone.
6:19 of 1st period - Vincent Lecavalier is hit by Dave Tanabe.
7:53 of 1st period - Penalty to Jordan Leopold is over, Jordan Leopold is back on ice.
7:57 of 1st period - Simon Gagné is hit by Jack Johnson.
8:05 of 1st period - Icing by Lubomir Visnovsky.
8:06 of 1st period - Maxim Talbot wins face-off versus Vincent Lecavalier in Nordiques zone.
9:31 of 1st period - Jason Pominville is hit by Rickard Wallin and loses puck.
9:38 of 1st period - Slapshot by Jack Johnson.
9:38 of 1st period - Stopped by Jean-Sébastien Giguère with a rebound.
9:40 of 1st period - Wrist shot by Jason Pominville.
9:40 of 1st period - Goal by Jason Pominville - Avalanche : 1 - Nordiques : 0.
9:41 of 1st period - Vincent Lecavalier wins face-off versus Oleg Kvasha in neutral zone.
10:13 of 1st period - Snap shot by Ales Kotalik.
10:13 of 1st period - Stopped by Marty Turco without a rebound.
10:14 of 1st period - Mike Comrie wins face-off versus Éric Belanger in Avalanche zone.
10:27 of 1st period - Snap shot by Mike Comrie.
10:27 of 1st period - Shot Blocked by Lubomir Visnovsky.
10:29 of 1st period - Snap shot by Shane O'Brien.
10:29 of 1st period - Shot Misses the Net.
10:39 of 1st period - Shane O'Brien is hit by Vincent Lecavalier and loses puck.
11:13 of 1st period - Snap shot by Erik Cole.
11:13 of 1st period - Deflect By Bryan Little.
11:13 of 1st period - Deflect By Matt Smaby.
11:13 of 1st period - Shot Hit the Post.
11:13 of 1st period - Puck is out of play.
11:14 of 1st period - Mike Comrie wins face-off versus Vincent Lecavalier in Nordiques zone.
11:41 of 1st period - Wrist shot by Tyler Arnason.
11:41 of 1st period - Deflect By Ales Kotalik.
11:41 of 1st period - Stopped by Marty Turco with a rebound.
12:24 of 1st period - Slapshot by Bryan McCabe.
12:24 of 1st period - Deflect By Alexei Ponikarovsky.
12:24 of 1st period - Stopped by Marty Turco with a rebound.
12:26 of 1st period - Wrist shot by Alexei Ponikarovsky.
12:26 of 1st period - Shot Misses the Net.
12:28 of 1st period - Snap shot by Alexei Ponikarovsky.
12:28 of 1st period - Deflect By Rickard Wallin.
12:28 of 1st period - Shot Misses the Net.
12:28 of 1st period - Puck is out of play.
12:29 of 1st period - Mike Comrie wins face-off versus Mattias Weinhandl in Avalanche zone.
12:29 of 1st period - Mike Comrie is hit by Lubomir Visnovsky.
12:32 of 1st period - Minor Penalty to Mike Comrie for Hooking.
12:33 of 1st period - Ryan Smyth wins face-off versus Vincent Lecavalier in Avalanche zone.
12:43 of 1st period - Snap shot by Vincent Lecavalier.
12:43 of 1st period - Goal by Vincent Lecavalier - Avalanche : 1 - Nordiques : 1.
12:44 of 1st period - Mike Comrie wins face-off versus Vincent Lecavalier in neutral zone.
12:44 of 1st period - Ryan Smyth is hit by Ryan Whitney and loses puck.
13:17 of 1st period - Wrist shot by Ryan Malone.
13:17 of 1st period - Stopped by Marty Turco with a rebound.
13:19 of 1st period - Snap shot by Bryan McCabe.
13:19 of 1st period - Shot Blocked by Brian Campbell.
13:51 of 1st period - Snap shot by Andrew Ladd.
13:51 of 1st period - Stopped by Jean-Sébastien Giguère with a rebound.
13:53 of 1st period - Slapshot by Marc Staal.
13:53 of 1st period - Shot Blocked by Jordan Leopold.
13:55 of 1st period - Slapshot by Marc Staal.
13:55 of 1st period - Stopped by Jean-Sébastien Giguère without a rebound.
13:56 of 1st period - Mike Comrie wins face-off versus Vincent Lecavalier in Nordiques zone.
14:23 of 1st period - Corey Perry is hit by Bryan McCabe and loses puck.
14:28 of 1st period - Snap shot by Ryan Malone.
14:28 of 1st period - Shot Misses the Net.
14:42 of 1st period - Lubomir Visnovsky is hit by Dave Tanabe and loses puck.
15:53 of 1st period - Snap shot by Tyler Arnason.
15:53 of 1st period - Shot Blocked by Rostislav Olesz.
16:17 of 1st period - Snap shot by Maxim Talbot.
16:17 of 1st period - Stopped by Jean-Sébastien Giguère without a rebound.
16:18 of 1st period - Vincent Lecavalier wins face-off versus Mike Comrie in Nordiques zone.
17:06 of 1st period - Snap shot by Mattias Weinhandl.
17:06 of 1st period - Shot Blocked by Marc Staal.
17:08 of 1st period - Backhand shot by Matt Smaby.
17:08 of 1st period - Stopped by Marty Turco without a rebound.
17:09 of 1st period - Jason Pominville wins face-off versus Rickard Wallin in Avalanche zone.
17:23 of 1st period - Wrist shot by Mattias Weinhandl.
17:23 of 1st period - Stopped by Marty Turco without a rebound.
17:24 of 1st period - Oleg Kvasha wins face-off versus Vincent Lecavalier in Avalanche zone.
17:24 of 1st period - Oleg Kvasha is hit by Vincent Lecavalier.
17:30 of 1st period - Wrist shot by Corey Perry.
17:30 of 1st period - Goal by Corey Perry - Avalanche : 2 - Nordiques : 1.
17:31 of 1st period - Mike Comrie wins face-off versus Vincent Lecavalier in neutral zone.
17:58 of 1st period - Drew Doughty is hit by Ales Kotalik and loses puck.
18:14 of 1st period - Icing by Bryan McCabe.
18:15 of 1st period - Tyler Arnason wins face-off versus Erik Cole in Nordiques zone.
18:26 of 1st period - Slapshot by Bryan McCabe.
18:26 of 1st period - Shot Blocked by Brian Campbell.
19:44 of 1st period - Wrist shot by Ryan Bayda.
19:44 of 1st period - Shot Misses the Net.
Goals for this period are 2 for Avalanche vs 1 for Nordiques.
Shots for this period are 10 for Avalanche vs 9 for Nordiques.
2nd period
0:01 of 2nd period - Mike Comrie wins face-off versus Vincent Lecavalier in neutral zone.
0:30 of 2nd period - Snap shot by Tyler Arnason.
0:30 of 2nd period - Shot Blocked by Corey Perry.
0:32 of 2nd period - Slapshot by Ryan Whitney.
0:32 of 2nd period - Stopped by Marty Turco with a rebound.
0:34 of 2nd period - Snap shot by Ryan Whitney.
0:34 of 2nd period - Stopped by Marty Turco without a rebound.
0:35 of 2nd period - Tyler Arnason wins face-off versus Mike Comrie in Avalanche zone.
0:36 of 2nd period - Wrist shot by Ales Kotalik.
0:36 of 2nd period - Shot Blocked by Marc Staal.
1:00 of 2nd period - Vincent Lecavalier is hit by Oleg Kvasha and loses puck.
1:05 of 2nd period - Snap shot by Rostislav Olesz.
1:05 of 2nd period - Stopped by Jean-Sébastien Giguère without a rebound.
1:06 of 2nd period - Vincent Lecavalier wins face-off versus Mike Comrie in Nordiques zone.
1:08 of 2nd period - Minor Penalty to Maxim Afinogenov for Cross-checking.
1:09 of 2nd period - Vincent Lecavalier wins face-off versus Mike Comrie in Nordiques zone.
1:16 of 2nd period - Icing by Ryan Smyth.
1:17 of 2nd period - Mike Comrie wins face-off versus Vincent Lecavalier in Avalanche zone.
1:24 of 2nd period - Wrist shot by Mike Comrie.
1:24 of 2nd period - Goal by Mike Comrie - Avalanche : 3 - Nordiques : 1.
1:25 of 2nd period - Maxim Afinogenov wins face-off versus Mike Comrie in neutral zone.
1:28 of 2nd period - Mike Comrie is hit by Vincent Lecavalier and loses puck.
2:39 of 2nd period - Wrist shot by Éric Belanger.
2:39 of 2nd period - Deflect By Jordan Eberle.
2:39 of 2nd period - Stopped by Marty Turco without a rebound.
2:40 of 2nd period - Mike Comrie wins face-off versus Éric Belanger in Avalanche zone.
2:53 of 2nd period - Slapshot by Bryan McCabe.
2:53 of 2nd period - Shot Misses the Net.
2:56 of 2nd period - Icing by Jason Pominville.
2:57 of 2nd period - Vincent Lecavalier wins face-off versus Mike Comrie in Avalanche zone.
3:02 of 2nd period - Slapshot by Maxim Afinogenov.
3:02 of 2nd period - Stopped by Marty Turco with a rebound.
3:14 of 2nd period - Slapshot by Mike Comrie.
3:14 of 2nd period - Stopped by Jean-Sébastien Giguère with a rebound.
3:16 of 2nd period - Snap shot by Ryan Smyth.
3:16 of 2nd period - Shot Misses the Net.
3:18 of 2nd period - Snap shot by Marc Staal.
3:18 of 2nd period - Shot Blocked by Ryan Whitney.
3:20 of 2nd period - Snap shot by Jason Pominville.
3:20 of 2nd period - Deflect By Mike Comrie.
3:20 of 2nd period - Stopped by Jean-Sébastien Giguère without a rebound.
3:21 of 2nd period - Tyler Arnason wins face-off versus Oleg Kvasha in Nordiques zone.
3:30 of 2nd period - Snap shot by Corey Perry.
3:30 of 2nd period - Shot Misses the Net.
3:55 of 2nd period - Wrist shot by Chuck Kobasew.
3:55 of 2nd period - Shot Blocked by Bryan McCabe.
4:23 of 2nd period - Éric Belanger is hit by Jason Pominville and loses puck.
5:23 of 2nd period - Off-side.
5:24 of 2nd period - Vincent Lecavalier wins face-off versus Bryan Little in neutral zone.
5:29 of 2nd period - Slapshot by Simon Gagné.
5:29 of 2nd period - Stopped by Marty Turco with a rebound.
5:36 of 2nd period - Snap shot by Chuck Kobasew.
5:36 of 2nd period - Shot Blocked by Maxim Afinogenov.
5:40 of 2nd period - Wrist shot by Erik Cole.
5:40 of 2nd period - Shot Misses the Net.
5:42 of 2nd period - Slapshot by Bryan Little.
5:42 of 2nd period - Shot Blocked by Nick Schultz.
5:44 of 2nd period - Slapshot by Drew Doughty.
5:44 of 2nd period - Deflect By Chuck Kobasew.
5:44 of 2nd period - Shot Blocked by Simon Gagné.
5:44 of 2nd period - Puck is out of play.
5:45 of 2nd period - Mike Comrie wins face-off versus Ryan Malone in Nordiques zone.
6:10 of 2nd period - Corey Perry is hit by Vincent Lecavalier and loses puck.
6:18 of 2nd period - Slapshot by Marc Staal.
6:18 of 2nd period - Stopped by Jean-Sébastien Giguère with a rebound.
6:30 of 2nd period - Jack Johnson is hit by Ryan Bayda and loses puck.
6:37 of 2nd period - Jordan Leopold is hit by Maxim Talbot and loses puck.
6:56 of 2nd period - Slapshot by Chuck Kobasew.
6:56 of 2nd period - Stopped by Jean-Sébastien Giguère with a rebound.
6:58 of 2nd period - Slapshot by Chuck Kobasew.
6:58 of 2nd period - Stopped by Jean-Sébastien Giguère without a rebound.
6:59 of 2nd period - Mike Comrie wins face-off versus Vincent Lecavalier in Nordiques zone.
7:02 of 2nd period - Slapshot by Ryan Smyth.
7:02 of 2nd period - Stopped by Jean-Sébastien Giguère without a rebound.
7:03 of 2nd period - Vincent Lecavalier wins face-off versus Mike Comrie in Nordiques zone.
7:16 of 2nd period - Snap shot by Simon Gagné.
7:16 of 2nd period - Goal by Simon Gagné - Avalanche : 3 - Nordiques : 2.
7:17 of 2nd period - Vincent Lecavalier wins face-off versus Mike Comrie in neutral zone.
7:31 of 2nd period - Wrist shot by Ryan Smyth.
7:31 of 2nd period - Shot Blocked by Bryan McCabe.
7:33 of 2nd period - Wrist shot by Jack Johnson.
7:33 of 2nd period - Shot Blocked by Bryan McCabe.
7:53 of 2nd period - Slapshot by Ryan Malone.
7:53 of 2nd period - Stopped by Marty Turco without a rebound.
7:54 of 2nd period - Vincent Lecavalier wins face-off versus Mike Comrie in Avalanche zone.
7:55 of 2nd period - Slapshot by Simon Gagné.
7:55 of 2nd period - Stopped by Marty Turco with a rebound.
8:50 of 2nd period - Lubomir Visnovsky is hit by Drew Doughty and loses puck.
9:04 of 2nd period - Icing by Jordan Leopold.
9:05 of 2nd period - Éric Belanger wins face-off versus Bryan Little in Nordiques zone.
9:10 of 2nd period - Slapshot by Lubomir Visnovsky.
9:10 of 2nd period - Stopped by Marty Turco with a rebound.
9:12 of 2nd period - Slapshot by Lubomir Visnovsky.
9:12 of 2nd period - Stopped by Marty Turco without a rebound.
9:13 of 2nd period - Mike Comrie wins face-off versus Vincent Lecavalier in Avalanche zone.
9:24 of 2nd period - Snap shot by Vincent Lecavalier.
9:24 of 2nd period - Stopped by Marty Turco without a rebound.
9:25 of 2nd period - Vincent Lecavalier wins face-off versus Mike Comrie in Avalanche zone.
9:50 of 2nd period - Jack Johnson is hit by Ryan Malone and loses puck.
10:11 of 2nd period - Snap shot by Mattias Weinhandl.
10:11 of 2nd period - Shot Misses the Net.
10:23 of 2nd period - Snap shot by Corey Perry.
10:23 of 2nd period - Stopped by Jean-Sébastien Giguère with a rebound.
10:57 of 2nd period - Wrist shot by Rostislav Olesz.
10:57 of 2nd period - Deflect By Oleg Kvasha.
10:57 of 2nd period - Shot Blocked by Nick Schultz.
10:57 of 2nd period - Puck is out of play.
10:58 of 2nd period - Vincent Lecavalier wins face-off versus Mike Comrie in Nordiques zone.
11:03 of 2nd period - Wrist shot by Jason Pominville.
11:03 of 2nd period - Stopped by Jean-Sébastien Giguère without a rebound.
11:04 of 2nd period - Mike Comrie wins face-off versus Vincent Lecavalier in Nordiques zone.
11:30 of 2nd period - Ryan Whitney is hit by Chuck Kobasew and loses puck.
11:47 of 2nd period - Minor Penalty to Ryan Malone for Roughing.
11:48 of 2nd period - Vincent Lecavalier wins face-off versus Ryan Smyth in Nordiques zone.
12:13 of 2nd period - Jordan Leopold is hit by Oleg Kvasha and loses puck.
13:47 of 2nd period - Penalty to Ryan Malone is over, Ryan Malone is back on ice.
13:55 of 2nd period - Slapshot by Maxim Talbot.
13:55 of 2nd period - Shot Misses the Net.
14:16 of 2nd period - Snap shot by Mattias Weinhandl.
14:16 of 2nd period - Shot Misses the Net.
14:18 of 2nd period - Slapshot by Bryan McCabe.
14:18 of 2nd period - Stopped by Marty Turco with a rebound.
14:20 of 2nd period - Slapshot by Ryan Whitney.
14:20 of 2nd period - Stopped by Marty Turco with a rebound.
15:34 of 2nd period - Shane O'Brien is hit by Mattias Weinhandl and loses puck.
15:51 of 2nd period - Drew Doughty is hit by Simon Gagné and loses puck.
16:04 of 2nd period - Ales Kotalik is hit by Maxim Talbot and loses puck.
16:19 of 2nd period - Erik Cole is hit by Matt Smaby and loses puck.
16:36 of 2nd period - Rickard Wallin is hit by Corey Perry and loses puck.
16:45 of 2nd period - Brian Campbell is hit by Mattias Weinhandl and loses puck.
17:14 of 2nd period - Minor Penalty to Tyler Arnason for Hooking.
17:15 of 2nd period - Vincent Lecavalier wins face-off versus Mike Comrie in Nordiques zone.
18:53 of 2nd period - Erik Cole is hit by Alexei Ponikarovsky and loses puck.
19:14 of 2nd period - Penalty to Tyler Arnason is over, Tyler Arnason is back on ice.
19:29 of 2nd period - Snap shot by Maxim Talbot.
19:29 of 2nd period - Stopped by Jean-Sébastien Giguère without a rebound.
19:30 of 2nd period - Éric Belanger wins face-off versus Maxim Talbot in Nordiques zone.
19:52 of 2nd period - Icing by Andrew Ladd.
19:53 of 2nd period - Tyler Arnason wins face-off versus Daniel Cleary in Avalanche zone.
Goals for this period are 1 for Avalanche vs 1 for Nordiques.
Shots for this period are 11 for Avalanche vs 13 for Nordiques.
3rd period
0:01 of 3rd period - Vincent Lecavalier wins face-off versus Mike Comrie in neutral zone.
0:09 of 3rd period - Snap shot by Simon Gagné.
0:09 of 3rd period - Stopped by Marty Turco without a rebound.
0:10 of 3rd period - Vincent Lecavalier wins face-off versus Mike Comrie in Avalanche zone.
0:20 of 3rd period - Bryan McCabe and Mike Comrie fight to a draw.
0:20 of 3rd period - Penalty to Bryan McCabe for Fighting.
0:20 of 3rd period - Penalty to Mike Comrie for Fighting.
0:21 of 3rd period - Vincent Lecavalier wins face-off versus Chuck Kobasew in neutral zone.
0:36 of 3rd period - Wrist shot by Ryan Smyth.
0:36 of 3rd period - Shot Blocked by Ryan Whitney.
0:53 of 3rd period - Minor Penalty to Jordan Leopold for Hooking.
0:54 of 3rd period - Oleg Kvasha wins face-off versus Vincent Lecavalier in Nordiques zone.
1:02 of 3rd period - Snap shot by Erik Cole.
1:02 of 3rd period - Shot Misses the Net.
2:45 of 3rd period - Icing by Daniel Cleary.
2:46 of 3rd period - Éric Belanger wins face-off versus Daniel Cleary in Avalanche zone.
2:53 of 3rd period - Penalty to Jordan Leopold is over, Jordan Leopold is back on ice.
2:53 of 3rd period - Slapshot by Ryan Malone.
2:53 of 3rd period - Shot Blocked by Jack Johnson.
2:55 of 3rd period - Slapshot by Jordan Leopold.
2:55 of 3rd period - Stopped by Marty Turco without a rebound.
2:56 of 3rd period - Tyler Arnason wins face-off versus Oleg Kvasha in Avalanche zone.
2:59 of 3rd period - Wrist shot by Ales Kotalik.
2:59 of 3rd period - Shot Blocked by Drew Doughty.
3:47 of 3rd period - Off-side.
3:48 of 3rd period - Maxim Talbot wins face-off versus Tyler Arnason in neutral zone.
3:55 of 3rd period - Slapshot by Andrew Ladd.
3:55 of 3rd period - Shot Misses the Net.
3:57 of 3rd period - Snap shot by Shane O'Brien.
3:57 of 3rd period - Deflect By Ryan Malone.
3:57 of 3rd period - Stopped by Jean-Sébastien Giguère without a rebound.
3:58 of 3rd period - Tyler Arnason wins face-off versus Chuck Kobasew in Nordiques zone.
3:58 of 3rd period - Tyler Arnason is hit by Shane O'Brien.
4:10 of 3rd period - Wrist shot by Ryan Malone.
4:10 of 3rd period - Shot Blocked by Dave Tanabe.
4:12 of 3rd period - Slapshot by Lubomir Visnovsky.
4:12 of 3rd period - Stopped by Marty Turco with a rebound.
4:14 of 3rd period - Snap shot by Ales Kotalik.
4:14 of 3rd period - Stopped by Marty Turco with a rebound.
4:16 of 3rd period - Wrist shot by Ryan Malone.
4:16 of 3rd period - Stopped by Marty Turco without a rebound.
4:17 of 3rd period - Vincent Lecavalier wins face-off versus Oleg Kvasha in Avalanche zone.
4:51 of 3rd period - Slapshot by Marc Staal.
4:51 of 3rd period - Stopped by Jean-Sébastien Giguère with a rebound.
4:53 of 3rd period - Wrist shot by Ryan Smyth.
4:53 of 3rd period - Shot Misses the Net.
5:22 of 3rd period - Minor Penalty to Ryan Bayda for Tripping.
5:23 of 3rd period - Mike Comrie wins face-off versus Vincent Lecavalier in Nordiques zone.
5:57 of 3rd period - Éric Belanger is hit by Oleg Kvasha and loses puck.
6:48 of 3rd period - Corey Perry is hit by Ryan Malone and loses puck.
7:22 of 3rd period - Penalty to Ryan Bayda is over, Ryan Bayda is back on ice.
7:24 of 3rd period - Icing by Mike Comrie.
7:25 of 3rd period - Ryan Smyth wins face-off versus Tyler Arnason in Avalanche zone.
7:25 of 3rd period - Ryan Smyth is hit by Ales Kotalik.
7:33 of 3rd period - Slapshot by Nick Schultz.
7:33 of 3rd period - Deflect By Ryan Malone.
7:33 of 3rd period - Shot Misses the Net.
7:33 of 3rd period - Puck is out of play.
7:34 of 3rd period - Maxim Talbot wins face-off versus Tyler Arnason in Avalanche zone.
7:42 of 3rd period - Minor Penalty to Matt Smaby for Roughing.
7:43 of 3rd period - Vincent Lecavalier wins face-off versus Mike Comrie in Nordiques zone.
7:48 of 3rd period - Mike Comrie is hit by Vincent Lecavalier and loses puck.
9:27 of 3rd period - Ryan Smyth is hit by Jordan Leopold and loses puck.
9:42 of 3rd period - Penalty to Matt Smaby is over, Matt Smaby is back on ice.
9:57 of 3rd period - Daniel Cleary is hit by Ryan Whitney and loses puck.
10:33 of 3rd period - Wrist shot by Éric Belanger.
10:33 of 3rd period - Shot Blocked by Maxim Talbot.
10:38 of 3rd period - Off-side.
10:39 of 3rd period - Vincent Lecavalier wins face-off versus Oleg Kvasha in neutral zone.
11:05 of 3rd period - Ales Kotalik is hit by Marc Staal.
11:44 of 3rd period - Icing by Maxim Afinogenov.
11:45 of 3rd period - Oleg Kvasha wins face-off versus Rickard Wallin in Nordiques zone.
11:53 of 3rd period - Minor Penalty to Alexei Ponikarovsky for Hooking.
11:54 of 3rd period - Vincent Lecavalier wins face-off versus Mike Comrie in Nordiques zone.
12:02 of 3rd period - Vincent Lecavalier is hit by Jason Pominville and loses puck.
12:21 of 3rd period - Dave Tanabe is hit by Éric Belanger and loses puck.
12:26 of 3rd period - Snap shot by Éric Belanger.
12:26 of 3rd period - Stopped by Marty Turco without a rebound.
12:27 of 3rd period - Vincent Lecavalier wins face-off versus Mike Comrie in Avalanche zone.
12:28 of 3rd period - Slapshot by Simon Gagné.
12:28 of 3rd period - Shot Misses the Net.
12:30 of 3rd period - Minor Penalty to Jason Pominville for Holding.
12:31 of 3rd period - Vincent Lecavalier wins face-off versus Chuck Kobasew in Avalanche zone.
13:21 of 3rd period - Tyler Arnason is hit by Erik Cole and loses puck.
13:53 of 3rd period - Penalty to Alexei Ponikarovsky is over, Alexei Ponikarovsky is back on ice.
13:54 of 3rd period - Ryan Bayda is hit by Brian Campbell and loses puck.
14:30 of 3rd period - Penalty to Jason Pominville is over, Jason Pominville is back on ice.
14:36 of 3rd period - Wrist shot by Marc Staal.
14:36 of 3rd period - Shot Blocked by Bryan McCabe.
14:44 of 3rd period - Shane O'Brien is hit by Mattias Weinhandl.
16:08 of 3rd period - Corey Perry is hit by Lubomir Visnovsky.
16:12 of 3rd period - Marc Staal is hit by Ryan Bayda and loses puck.
16:17 of 3rd period - Snap shot by Ryan Bayda.
16:17 of 3rd period - Deflect By Éric Belanger.
16:17 of 3rd period - Stopped by Marty Turco without a rebound.
16:18 of 3rd period - Bryan Little wins face-off versus Rickard Wallin in Avalanche zone.
17:10 of 3rd period - Slapshot by Drew Doughty.
17:10 of 3rd period - Deflect By Maxim Afinogenov.
17:10 of 3rd period - Stopped by Jean-Sébastien Giguère with a rebound.
17:26 of 3rd period - Snap shot by Ales Kotalik.
17:26 of 3rd period - Stopped by Marty Turco without a rebound.
17:27 of 3rd period - Bryan Little wins face-off versus Tyler Arnason in Avalanche zone.
17:40 of 3rd period - Bryan McCabe is hit by Erik Cole and loses puck.
18:08 of 3rd period - Wrist shot by Tyler Arnason.
18:08 of 3rd period - Stopped by Marty Turco with a rebound.
18:10 of 3rd period - Slapshot by Bryan McCabe.
18:10 of 3rd period - Stopped by Marty Turco without a rebound.
18:11 of 3rd period - Maxim Talbot wins face-off versus Éric Belanger in Avalanche zone.
18:22 of 3rd period - Slapshot by Brian Campbell.
18:22 of 3rd period - Shot Blocked by Jordan Eberle.
18:41 of 3rd period - Slapshot by Matt Smaby.
18:41 of 3rd period - Stopped by Marty Turco with a rebound.
19:17 of 3rd period - Nordiques, Jean-Sébastien Giguère is pulled from the net.
19:17 of 3rd period - Snap shot by Simon Gagné.
19:17 of 3rd period - Shot Misses the Net.
19:19 of 3rd period - Backhand shot by Nick Schultz.
19:19 of 3rd period - Shot Misses the Net.
19:21 of 3rd period - Snap shot by Maxim Afinogenov.
19:21 of 3rd period - Stopped by Marty Turco without a rebound.
19:22 of 3rd period - Alain Vigneault call a timeout for Nordiques.
19:22 of 3rd period - Mike Comrie wins face-off versus Vincent Lecavalier in Avalanche zone.
19:47 of 3rd period - Slapshot by Jason Pominville.
19:47 of 3rd period - Deflect By Bryan McCabe.
19:47 of 3rd period - Shot Misses the Net.
19:47 of 3rd period - Puck is out of play.
19:48 of 3rd period - Jean-Sébastien Giguère from Nordiques was sent back in the game.
19:48 of 3rd period - Mike Comrie wins face-off versus Maxim Afinogenov in Nordiques zone.
Goals for this period are 0 for Avalanche vs 0 for Nordiques.
Shots for this period are 3 for Avalanche vs 12 for Nordiques.
Output by the SimonT Hockey Simulator (STHS) for François Prévost -- Original Page W3C XHTML 1.0 Valid